 Dungeon Crawl Stone Soup version 0.19.1 (webtiles) character file.

4212 GordonOverkill the Destroyer (level 10, -3/58 HPs)
             Began as a Deep Elf Conjurer on Dec 8, 2016.
             Was a Priest of Sif Muna.
             Slain by a wolf (10 damage)
             ... led by Grum
             ... on level 8 of the Dungeon.
             The game lasted 00:26:29 (12011 turns).

GordonOverkill the Destroyer (Deep Elf Conjurer)   Turns: 12011, Time: 00:26:30

Health: -3/58      AC:  5    Str:  5    XL:     10   Next: 9%
Magic:  18/34      EV: 14    Int: 24    God:    Sif Muna [***...]
Gold:   376        SH:  0    Dex: 15    Spells: 4 memorised, 15 levels left

rFire  . . .     SeeInvis .     H - +2 dagger (venom)
rCold  + . .     Gourm    +     a - +0 robe
rNeg   . . .     Faith    .     y - +0 buckler
rPois  .         Spirit   .     u - +0 helmet
rElec  .         Reflect  .     r - +0 cloak
rCorr  .         Harm     .     k - +0 pair of gloves
MR     +....                    (no boots)
Stlth  +.........               d - amulet of the gourmand
                                x - ring of magical power
                                t - ring of protection from cold

@: confused, divine energy
A: no striking features
a: Stop Divine Energy, Channel Magic, Renounce Religion


You were on level 8 of the Dungeon.
You worshipped Sif Muna.
Sif Muna was most pleased with you.
You were very full.

You visited 2 branches of the dungeon, and saw 9 of its levels.

You collected 376 gold pieces.

Inventory:

Hand Weapons
 s - a +1 dagger
 H - a +2 dagger of venom (weapon)
 M - a +0 scimitar of flaming
Armour
 a - a +0 robe (worn)
 k - a +0 pair of gloves (worn)
 r - a +0 cloak (worn)
 u - a +0 helmet (worn)
 y - a +0 buckler (worn)
Jewellery
 d - an amulet of the gourmand (around neck)
 t - a ring of protection from cold (left hand)
 v - an uncursed ring of see invisible
 x - a ring of magical power (right hand)
Wands
 j - a wand of slowing (20/48)
 I - a wand of acid (2/15)
 L - a wand of paralysis (17/24)
Scrolls
 g - 3 scrolls of magic mapping
 h - 2 scrolls of remove curse
 l - 3 scrolls of immolation
 m - 2 scrolls of amnesia
 G - 2 scrolls of identify
 K - a scroll of enchant weapon
Potions
 e - 2 potions of flight
 f - a potion of berserk rage {unknown}
 i - 3 potions of brilliance
 o - a potion of invisibility {unknown}
 q - 2 potions of might
 z - 2 potions of resistance {unknown}
 A - a potion of degeneration {unknown}
 B - a potion of beneficial mutation {unknown}
 E - 6 potions of curing {unknown}
 F - a potion of haste {unknown}
Books
 b - a book of Conjurations

   Spells                             Type                      Level
   a - Magic Dart                     Conjuration                  1
   b - Searing Ray                    Conjuration                  2
   c - Dazzling Spray                 Conjuration/Hexes            3
   d - Fulminant Prism                Conjuration/Hexes            4
   e - Iskenderun's Mystic Blast      Conjuration                  4
   f - Iskenderun's Battlesphere      Conjuration/Charms           5
Comestibles
 c - 4 bread rations
 C - 4 meat rations
 D - 2 slices of pizza


   Skills:
 + Level 4.6 Fighting
 - Level 4.4 Dodging
 - Level 2.4 Stealth
 + Level 9.0 Spellcasting
 * Level 11.2 Conjurations
 + Level 8.5 Charms


You had 15 spell levels left.
You knew the following spells:

 Your Spells              Type           Power        Failure   Level  Hunger
a - Magic Dart            Conj           ####         1%          1    None
b - Searing Ray           Conj           ######       1%          2    None
c - Iskenderun's Battles  Conj/Chrm      ######..     6%          5    ####...
d - Iskenderun's Mystic   Conj           ######..     1%          4    ##.....


Dungeon Overview and Level Annotations

Branches:
Dungeon (8/15)             Temple (1/1) D:5
   Lair: D:8-11

Altars:
Ashenzari
Cheibriados
Dithmenos
Elyvilon
Fedhas
Gozag
Hepliaklqana
Kikubaaqudgha
Makhleb
Nemelex Xobeh
Okawaru
Qazlal
Ru
Sif Muna
Trog
Uskayaw
Vehumet
Xom
Yredelemnul
Zin
The Shining One

Annotations:
D:8 Grum; Perturabo's ghost, novice HOFi; Psyche


Message History

* * * LOW HITPOINT WARNING * * *
The wolf completely misses you.
The freed slave hits Grum but does no damage.
The wolf misses you. The wolf bites you.
* * * LOW HITPOINT WARNING * * *
The wolf bites you but does no damage.
Grum growls, "I'll hound you night and day!"
Grum zaps a wand.
Your will is overpowered!
You are confused.
The wolf closely misses you.
The freed slave hits Grum.
The wolf barely misses you. x2
The wolf bites you.
* * * LOW HITPOINT WARNING * * *
The wolf looks more healthy.
The wolf misses you. The wolf completely misses you. The wolf bites you.
* * * LOW HITPOINT WARNING * * *
The wolf barely misses you. Grum barely misses you. The wolf bites you!
You die...

###########
#.........#
#.......).# .
#.........# ..#
#..p......# ....
#.........#
.....#####.....$...#
#.......hW..p......#
#.##...@hg..####.###
#........# #.##
#######..# #..# ##.#
##.# ........#
..ā‰ˆ..pā‰ˆ.#
..[.....#
ā‰ˆ..pā‰ˆ...#
........#


You could see Grum, 2 wolves, Perturabo's ghost and 2 neutral freed slaves.

Vanquished Creatures
  Erica (D:8)
  The ghost of Perturabo the Slasher, a novice HOFi of Beogh (D:6)
  Pikel (D:8)
  Grinder (D:4)
  Eustachio (D:6)
  A slave (D:8)
  2 phantoms
  A necrophage (D:7)
  3 ogres
  A wolf (D:8)
  2 centaurs (D:6)
  Blork the orc (D:4)
  3 bullfrogs (D:6)
  3 scorpions
  5 killer bees (D:7)
  A centaur zombie (D:5)
  A crimson imp (D:6)
  A bullfrog zombie (D:5)
  2 hounds (D:5)
  A centaur skeleton (D:7)
  6 orc priests
  An orc wizard (D:7)
  4 iguanas
  9 worker ants
  2 hound skeletons
  Robin (D:2)
  A howler monkey skeleton (D:7)
  11 adders
  A shadow imp (D:7)
  An ooze (D:3)
  2 worms
  A dart slug (D:3)
  5 leopard geckos
  20 orcs
  7 giant cockroaches
  16 goblins
  7 hobgoblins
  5 jackals
  6 kobolds
  A quokka (D:5)
  5 bats
  3 frilled lizards
  A jackal skeleton (D:4)
  A leopard gecko skeleton (D:5)
  2 quokka skeletons
  A quokka zombie (D:3)
  6 rats
159 creatures vanquished.

Notes
Turn   | Place    | Note
-------+----------+-------------------------------------------
     0 | D:1      | GordonOverkill the Deep Elf Conjurer began the quest for the Orb.
     0 | D:1      | Reached XP level 1. HP: 10/10 MP: 6/6
   588 | D:1      | Reached XP level 2. HP: 15/15 MP: 5/8
   910 | D:2      | Learned a level 2 spell: Searing Ray
  1176 | D:2      | Reached skill level 5 in Conjurations
  1176 | D:2      | Reached XP level 3. HP: 16/19 MP: 6/10
  1652 | D:2      | Noticed Robin
  1804 | D:2      | Killed Robin
  2152 | D:2      | Reached XP level 4. HP: 24/24 MP: 7/12
  2668 | D:3      | Reached XP level 5. HP: 16/28 MP: 5/13
  3117 | D:3      | Reached skill level 6 in Conjurations
  3283 | D:3      | Learned a level 5 spell: Iskenderun's Battlesphere
  4249 | D:4      | Reached skill level 1 in Charms
  4462 | D:4      | Noticed Grinder
  4464 | D:4      | Paralysed by Grinder for 6 turns
  4478 | D:4      | Paralysed by Grinder for 2 turns
  4486 | D:4      | Killed Grinder
  4486 | D:4      | Reached XP level 6. HP: 32/32 MP: 0/15
  4677 | D:4      | Reached skill level 5 in Spellcasting
  4677 | D:4      | Reached skill level 7 in Conjurations
  4804 | D:4      | Learned a level 4 spell: Iskenderun's Mystic Blast
  4943 | D:4      | Noticed Blork the orc
  4950 | D:4      | Killed Blork the orc
  4950 | D:4      | Reached skill level 1 in Fighting
  4950 | D:4      | Reached XP level 7. HP: 38/38 MP: 9/16
  5121 | D:5      | Entered Level 5 of the Dungeon
  5502 | D:5      | Found a staircase to the Ecumenical Temple.
  5550 | Temple   | Entered the Ecumenical Temple
  5717 | Temple   | Became a worshipper of Sif Muna the Loreminder
  6467 | D:5      | Reached skill level 8 in Conjurations
  6896 | D:5      | Reached * piety under Sif Muna
  6902 | D:5      | Reached XP level 8. HP: 19/44 MP: 11/19
  7313 | D:6      | Noticed Eustachio
  7326 | D:6      | Killed Eustachio
  7326 | D:6      | Reached skill level 5 in Charms
  8083 | D:6      | Noticed Perturabo's ghost (novice HOFi)
  8548 | D:6      | Reached skill level 9 in Conjurations
  8800 | D:6      | Found a hazy altar of Hepliaklqana.
  9251 | D:6      | Killed Perturabo's ghost
  9251 | D:6      | Reached XP level 9. HP: 31/51 MP: 8/22
  9704 | D:6      | Reached ** piety under Sif Muna
 10111 | D:7      | Reached skill level 10 in Conjurations
 11529 | D:8      | Noticed Erica
 11537 | D:8      | Killed Erica
 11537 | D:8      | Reached skill level 11 in Conjurations
 11692 | D:8      | Noticed Grum
 11714 | D:8      | Noticed Psyche
 11929 | D:8      | Noticed Pikel
 11936 | D:8      | Killed Pikel
 11936 | D:8      | Reached *** piety under Sif Muna
 11936 | D:8      | Reached XP level 10. HP: 57/57 MP: 17/25
 11964 | D:8      | Noticed Perturabo's ghost (novice HOFi)
 12011 | D:8      | Slain by a wolf

Skill      XL: |  1  2  3  4  5  6  7  8  9 |
---------------+----------------------------+-----
Conjurations   | 5 6 7 8 9 11 | 11.2
Dodging        | 3 4 |  4.4
Spellcasting   | 4 5 6 7 9 |  9.0
Charms         | 2 3 4 6 8 |  8.5
Fighting       | 1 2 3 4 |  4.6
Stealth        | |  2.4

Action                   |  1- 3 |  4- 6 |  7- 9 | 10-12 || total
-------------------------+-------+-------+-------+-------++-------
Melee: Dagger            |       |       |    18 |     1 ||    19
 Cast: Magic Dart        |    78 |    88 |   210 |     7 ||   383
       Searing Ray       |     2 |    11 |    48 |     2 ||    63
       Iskenderun's Batt |       |       |     5 |     1 ||     6
Invok: Divine Energy     |       |       |     1 |       ||     1
  Use: Scroll            |       |    14 |     8 |       ||    22
       Potion            |       |       |       |     2 ||     2
 Stab: Sleeping          |       |       |     1 |       ||     1
  Eat: Chunk             |    12 |     9 |    22 |       ||    43
Armor: Robe              |     1 |    10 |    23 |     7 ||    41
Dodge: Dodged            |     7 |    15 |    86 |    25 ||   133
Block: Buckler           |       |     2 |    27 |     1 ||    30
